AoeStats
← [GG] Shevchenko 7

Golden Pit

510180480Analyzed
1v1 RM · 3d ago on Sep 29, 2026· 58m 19s· 2 players
Game mode
Random Map
Map size
Tiny (2 player)
Population
200
Speed
Normal
Resources
Standard
Victory
Conquest
Starting age
Dark Age
Ending age
Imperial Age
RankedLock teamsTeams togetherTeam positionsShared explorationLock speedFull tech treeHidden civsTurbo modeCheats
Victory
Defeat
🇦🇷 Persians · Argentina
1072
+17
🇧🇷 Portuguese · Brazil
1088
-17
Greengetawn
7:06 Loom
9:13 Feudal Age
15:28 Double-Bit Axe
20:06 Castle Age
19:54 Pikeman
22:23 Gold Mining
22:28 Horse Collar
23:07 Scale Barding Armor
24:36 Forging
25:58 Husbandry
26:13 Bloodlines
27:58 Chain Barding Armor
27:49 Husbandry
32:17 Iron Casting
32:44 Elite Skirmisher
35:41 Fletching
35:51 Padded Archer Armor
41:43 Imperial Age
42:54 Conscription
43:56 Chemistry
43:18 Ballistics
42:36 Cavalier
43:35 Bodkin Arrow
46:51 Leather Archer Armor
47:51 Plate Barding Armor
50:28 Town Watch
51:19 Wheelbarrow
51:00 Thumb Ring
52:33 Savar
53:25 Kamandaran
53:46 Conscription
52:52 Crossbowman
55:25 Bow Saw
[GG] Shevchenko 7
9:11 Loom
11:02 Feudal Age
14:09 Wheelbarrow
17:07 Scale Barding Armor
18:31 Forging
23:34 Castle Age
21:45 Double-Bit Axe
22:45 Scale Mail Armor
23:31 Gold Mining
26:56 Chain Mail Armor
27:38 Pikeman
33:15 Fletching
34:44 Hand Cart
37:04 Husbandry
42:17 Imperial Age
40:24 Elite Skirmisher
41:41 Bow Saw
42:35 Cavalier
45:07 Chemistry
47:12 Bodkin Arrow
57:55 Halberdier
Connection lost

Rejoining the realm…

Still unreachable

The connection could not be restored.

Session expired

The server has moved on; the page needs a fresh start.